[Event "Titled Tuesday Blitz April 12 Early 2022"]
[White "Belenkaya, Dina"]
[Black "Colas, Joshua"]
[WhiteFideId "24142654"]
[BlackFideId "2044447"]
[WhiteElo "2196"]
[BlackElo "2347"]
[Result "0-1"]
[Round "03"]
[TimeControl "180+1"]
[Date "2022.04.13"]
[WhiteClock "0:00:03"]
[BlackClock "0:00:28"]

1. Nf3 d5 2. g3 Nf6 3. Bg2 e6 4. O-O Be7 5. d3 O-O 6. Nbd2 Nc6 7. c4 e5 8. e4 dxe4 9. dxe4 Qd3 10. Qb3 Qxb3 11. axb3 Bg4 12. Re1 Nb4 13. Rf1 Bxf3 14. Bxf3 Rfd8 15. Nb1 Rd3 16. Be2 Rd7 17. Nc3 Nc2 18. Ra4 Nd4 19. Bd1 a6 20. f3 Rad8 21. Be3 Bc5 22. Bf2 c6 23. b4 Bf8 24. c5 Ne8 25. Ra3 Nc7 26. Ra1 g6 27. Be3 h5 28. Bg5 Be7 29. Bxe7 Rxe7 30. f4 exf4 31. gxf4 Ncb5 32. e5 Nxc3 33. bxc3 Nf5 34. Bc2 Ne3 35. Rf2 Red7 36. Re1 Ng4 37. Rfe2 Re7 38. h3 Nh6 39. e6 f5 40. Kf2 Kg7 41. Bb3 Ng8 42. Re3 Nf6 43. Bc2 Nd5 44. Rd3 Rde8 45. c4 Nxf4 46. Rd7 Nxh3+ 47. Kg3 Ng5 48. Kf4 Kf6 49. b5 Nxe6+ 50. Rxe6+ Kxe6 51. bxc6 Rxd7 52. cxd7 Kxd7 53. Ba4+ Ke7 54. Bxe8 Kxe8 0-1


[Site "https://www.chess.com"]

[Event "Titled Tuesday Blitz April 12 Early 2022"]
[White "Belozerov, Andrei"]
[Black "Roman, Rodrigo"]
[WhiteFideId "4120213"]
[BlackFideId "3701220"]
[WhiteElo "2320"]
[BlackElo "2001"]
[Result "1-0"]
[Round "03"]
[TimeControl "180+1"]
[Date "2022.04.13"]
[WhiteClock "0:02:04"]
[BlackClock "0:00:54"]

1. e4 e6 2. d4 d5 3. Nd2 dxe4 4. Nxe4 Nd7 5. Nf3 Ngf6 6. Nxf6+ gxf6 7. Bf4 b6 8. Bd3 Bb7 9. Qe2 Bd6 10. Bg3 Qe7 11. O-O-O O-O-O 12. Ba6 Kb8 13. Bxb7 Kxb7 14. c4 Bxg3 15. hxg3 Qb4 16. Kb1 a5 17. Rd2 a4 18. a3 Qa5 19. Qe4+ Kb8 20. Rxh7 f5 21. Rxh8 Rxh8 22. Qe2 Nf6 23. Ne5 Rh1+ 24. Rd1 Rxd1+ 25. Qxd1 Kc8 26. Nxf7 Ne4 27. Ne5 Nxf2 28. Qh5 Qe1+ 29. Ka2 Ne4 30. Qe8+ Kb7 31. Qc6+ Ka6 32. Qa8# 1-0


[Site "https://www.chess.com"]

[Event "Titled Tuesday Blitz April 12 Early 2022"]
[White "Bernat, David"]
[Black "Kucuksari, Kaan"]
[WhiteFideId "2099225"]
[BlackFideId "6380166"]
[WhiteElo "2317"]
[BlackElo "2305"]
[Result "1/2-1/2"]
[Round "03"]
[TimeControl "180+1"]
[Date "2022.04.13"]
[WhiteClock "0:00:08"]
[BlackClock "0:00:11"]

1. c4 c6 2. e4 d5 3. cxd5 cxd5 4. exd5 Nf6 5. Nc3 Nxd5 6. Bc4 e6 7. Nf3 Nc6 8. O-O Be7 9. d4 O-O 10. a3 b6 11. Re1 Bb7 12. Nxd5 exd5 13. Bd3 Bf6 14. Bf4 h6 15. Bc2 a6 16. Qd3 g6 17. Bxh6 Re8 18. Bf4 Re4 19. Qd2 Nxd4 20. Bxe4 dxe4 21. Nxd4 Qxd4 22. Qxd4 Bxd4 23. Be3 Bxb2 24. Rab1 Bxa3 25. Rxb6 Bd5 26. Ra1 Bf8 27. Raxa6 Rc8 28. h4 Be7 29. Ra5 Be6 30. Bg5 Bc5 31. Rb1 Bd4 32. Rab5 Rc2 33. Be3 Bxe3 34. fxe3 Re2 35. h5 gxh5 36. Rxh5 Rxe3 37. Rg5+ Kf8 38. Re5 Re2 39. Kf1 Bc4 40. Rb8+ Kg7 41. Rc8 Bd3 42. Kg1 e3 43. Rce8 Re1+ 44. Kh2 e2 45. Kg3 Rf1 46. Rxe2 Bxe2 47. Rxe2 Kg6 48. Re3 f5 49. Rf3 Ra1 50. Kf4 Ra4+ 51. Ke5 Re4+ 52. Kd5 Kg5 53. Rg3+ Kf4 54. Rg8 Re2 55. g3+ Kf3 56. Rf8 Kg4 57. Rg8+ Kh5 58. Kd4 Re4+ 59. Kd5 Kh6 60. Kd6 Re1 61. Kd5 Re2 62. Kd4 Re4+ 63. Kd5 Kh5 64. Kd6 Rg4 65. Rxg4 Kxg4 66. Ke5 Kg5 67. Kd4 Kg4 68. Ke5 Kxg3 69. Kxf5 1/2-1/2


[Site "https://www.chess.com"]

[Event "Titled Tuesday Blitz April 12 Early 2022"]
[White "Bettalli, Francesco"]
[Black "Goryachkina, Aleksandra"]
[WhiteFideId "2816453"]
[BlackFideId "4147103"]
[WhiteElo "2216"]
[BlackElo "2426"]
[Result "1-0"]
[Round "03"]
[TimeControl "180+1"]
[Date "2022.04.13"]
[WhiteClock "0:00:39"]
[BlackClock "0:00:01"]

1. d4 e6 2. Nc3 Nf6 3. Bf4 Bb4 4. Qd3 O-O 5. O-O-O b6 6. f3 Ba6 7. Qe3 Nc6 8. Bg5 h6 9. Bh4 Be7 10. Qf2 Nd5 11. Bxe7 Qxe7 12. Nxd5 exd5 13. e3 Bxf1 14. Rxf1 Rfe8 15. Re1 Nxd4 16. Qd2 Nf5 17. Nh3 Qc5 18. e4 dxe4 19. fxe4 Nd6 20. Rhf1 Re7 21. Nf2 Rae8 22. Nd3 Qd4 23. e5 Nc4 24. Qb4 c5 25. Qa4 Nxe5 26. Qxd4 cxd4 27. Nxe5 Rxe5 28. Rxe5 Rxe5 29. Kd2 d5 30. Rf4 Re4 31. Rf5 Kf8 32. Rxd5 Ke7 33. a4 Ke6 34. Rb5 Rg4 35. g3 f5 36. a5 bxa5 37. Rxa5 f4 38. gxf4 Rxf4 39. Rxa7 g6 40. Kd3 Rh4 41. b4 Rxh2 42. b5 Kd5 43. Rc7 Rh3+ 44. Kd2 Rh2+ 45. Kd3 Rh3+ 46. Kd2 Rh2+ 47. Kc1 Kd6 48. Rc6+ Kd5 49. Rc8 Kd6 50. b6 Kd7 51. b7 1-0


[Site "https://www.chess.com"]

[Event "Titled Tuesday Blitz April 12 Early 2022"]
[White "Bilan, Danila"]
[Black "Stribuk, Artiom"]
[WhiteFideId "24161918"]
[BlackFideId "13515659"]
[WhiteElo "2164"]
[BlackElo "2259"]
[Result "0-1"]
[Round "03"]
[TimeControl "180+1"]
[Date "2022.04.13"]
[WhiteClock "0:00:09"]
[BlackClock "0:00:06"]

1. d4 Nf6 2. Nf3 g6 3. Bg5 Bg7 4. c3 h6 5. Bh4 c5 6. e3 O-O 7. Nbd2 d6 8. Bc4 b6 9. Bxf6 Bxf6 10. Bd5 cxd4 11. cxd4 Ba6 12. Bxa8 Nd7 13. Bd5 e6 14. Bc4 Bb7 15. O-O h5 16. Rc1 h4 17. h3 a6 18. Bd3 Kg7 19. Be4 d5 20. Bd3 Be7 21. Qe2 b5 22. a4 bxa4 23. Bxa6 Qb6 24. Bxb7 Qxb7 25. Nb1 Rb8 26. Nc3 Qb4 27. Ra1 Nb6 28. Qb5 Qd6 29. Ne5 Bf6 30. Nxa4 Nc8 31. Qc5 Bxe5 32. dxe5 Qd8 33. Qd4 Ne7 34. Rfc1 Nf5 35. Qg4 Qe7 36. Nc3 Rxb2 37. Rcb1 Rc2 38. Ne2 Rc4 39. Nd4 Nh6 40. Qf3 Ng8 41. Rb2 Qc7 42. Rab1 Qxe5 43. Rb7 Nf6 44. Ra7 Rc7 45. Rxc7 Qxc7 46. Qd1 Ne4 47. Nf3 Kh6 48. Qd4 g5 49. Qh8+ Kg6 50. Qb8 Qc2 51. Rf1 Nc3 52. Qg8+ Kh6 53. Qxg5+ Kh7 54. Qxh4+ Kg8 55. Qg5+ Kf8 56. Qd8+ Kg7 57. Qg5+ Kf8 58. Qf4 Ne2+ 59. Kh2 Nxf4 60. exf4 Qe2 61. Re1 Qxf2 62. Rb1 Qe3 63. Rb4 Qc5 64. Rd4 Qd6 65. Kg3 f6 66. Rd2 e5 67. h4 e4 68. Nd4 Qa3+ 69. Kg4 Qe3 70. Rd1 Qf2 71. Kf5 Qxg2 72. Ne6+ Ke7 73. Nd4 Qh3+ 74. Kg6 Qg4+ 75. Kh6 Qxd1 0-1


[Site "https://www.chess.com"]

[Event "Titled Tuesday Blitz April 12 Early 2022"]
[White "Biletskiy, Danylo"]
[Black "Plazuelo Pascual, Juan"]
[WhiteFideId "14155419"]
[BlackFideId "32059566"]
[WhiteElo "2087"]
[BlackElo "2359"]
[Result "0-1"]
[Round "03"]
[TimeControl "180+1"]
[Date "2022.04.13"]
[WhiteClock "0:00:02"]
[BlackClock "0:01:08"]

1. e4 c5 2. Nf3 Nc6 3. Bb5 d6 4. O-O Bd7 5. Re1 Nf6 6. c3 a6 7. Bf1 Bg4 8. d3 g6 9. h3 Bxf3 10. Qxf3 Bg7 11. Be3 O-O 12. Nd2 b5 13. d4 cxd4 14. cxd4 Nd7 15. Rac1 Nxd4 16. Bxd4 Bxd4 17. b4 Qb6 18. Nb3 Bg7 19. Kh1 Rac8 20. Qe2 Bc3 21. Red1 Bxb4 22. Qb2 Bc5 23. f3 Be3 24. Rc2 Bf4 25. Bd3 Nf6 26. Nd4 Be5 27. Rxc8 Rxc8 28. Bf1 Nh5 29. g4 Ng3+ 30. Kg2 Nxf1 31. Kxf1 Rc4 32. a4 Rxd4 33. Rxd4 Qxd4 34. Qa3 Qa1+ 35. Qxa1 Bxa1 36. axb5 axb5 37. Ke2 b4 38. Kd3 b3 39. f4 Bg7 40. h4 h5 41. gxh5 gxh5 42. e5 dxe5 43. f5 e4+ 0-1


[Site "https://www.chess.com"]

[Event "Titled Tuesday Blitz April 12 Early 2022"]
[White "Bintang, Rasyid A. Hidayat"]
[Black "Svane, Frederik"]
[WhiteFideId "7105355"]
[BlackFideId "12923044"]
[WhiteElo "2399"]
[BlackElo "2459"]
[Result "0-1"]
[Round "03"]
[TimeControl "180+1"]
[Date "2022.04.12"]
[WhiteClock "0:00:18"]
[BlackClock "0:00:48"]

1. d4 Nf6 2. Bf4 b6 3. e3 Bb7 4. Nd2 g6 5. Ngf3 Bg7 6. Be2 O-O 7. O-O d6 8. c3 Nbd7 9. h3 Re8 10. Re1 e5 11. dxe5 dxe5 12. Bh2 Qe7 13. Nc4 Ne4 14. Qc2 Nd6 15. Rad1 Be4 16. Qd2 Nxc4 17. Qxd7 Nxb2 18. Rd2 Qxd7 19. Rxd7 Na4 20. Rxc7 Rec8 21. Rxc8+ Rxc8 22. c4 Nc3 23. Bf1 Rc5 24. Nd2 Bb7 25. Nb3 Rc7 26. a4 Nxa4 27. Ra1 Bc6 28. Bg3 f6 29. Nd4 Bd7 30. Nb5 Bxb5 31. cxb5 Nc3 32. f3 Bf8 33. Be1 Nd5 34. e4 Bc5+ 35. Kh2 Ne3 36. Bd3 Rd7 37. Be2 Kf8 38. Rc1 Ke7 39. Bf2 Rd2 40. Bxe3 Bxe3 41. Rc7+ Kd8 0-1


[Site "https://www.chess.com"]

[Event "Titled Tuesday Blitz April 12 Early 2022"]
[White "Bongo Akanga Ndjila, Barthelemy"]
[Black "Gatterer, Florian"]
[WhiteFideId "10609431"]
[BlackFideId "811688"]
[WhiteElo "1768"]
[BlackElo "2218"]
[Result "1-0"]
[Round "03"]
[TimeControl "180+1"]
[Date "2022.04.13"]
[WhiteClock "0:01:12"]
[BlackClock "0:00:04"]

1. d4 Nf6 2. c4 g6 3. Nc3 Bg7 4. e4 d6 5. Be2 O-O 6. Nf3 e5 7. O-O Nc6 8. d5 Ne7 9. Ne1 Nd7 10. Be3 f5 11. f3 f4 12. Bf2 g5 13. g4 h5 14. h3 hxg4 15. hxg4 Ng6 16. Kg2 Kf7 17. Rh1 a6 18. Nd3 b6 19. a4 a5 20. Rh7 Rh8 21. Rxh8 Qxh8 22. Qd2 Nf6 23. Rh1 Qd8 24. Nb5 Bd7 25. b4 axb4 26. Qxb4 Bxg4 27. fxg4 Nxe4 28. Be1 Nf6 29. Nf2 e4 30. Kf1 f3 31. Bd1 e3 32. Bc3 e2+ 33. Bxe2 fxe2+ 34. Kxe2 Qe8+ 35. Kf1 Nf4 36. Qb2 Qg8 37. Nxc7 Rc8 38. Ne6 Nxe6 39. dxe6+ Kxe6 40. Qe2+ Kf7 41. Qd3 Qe8 42. Bxf6 Kxf6 43. Ne4+ Ke5 44. Nxd6 Qf8+ 45. Nf5 Qc5 46. Kg2 Qxc4 47. Re1+ Kf6 48. Qd6+ Kf7 49. Re7+ Kf8 50. Rxg7+ Ke8 51. Qe7# 1-0


[Site "https://www.chess.com"]

[Event "Titled Tuesday Blitz April 12 Early 2022"]
[White "Bowden, Karl"]
[Black "Yurovskykh, Oleksandr"]
[WhiteFideId "400548"]
[BlackFideId "14134020"]
[WhiteElo "2358"]
[BlackElo "2292"]
[Result "0-1"]
[Round "03"]
[TimeControl "180+1"]
[Date "2022.04.13"]
[WhiteClock "0:00:08"]
[BlackClock "0:00:15"]

1. e4 d5 2. Nc3 d4 3. Nce2 e5 4. d3 c5 5. f4 Nc6 6. Nf3 Bd6 7. g3 Nge7 8. Bg2 f6 9. O-O Be6 10. f5 Bf7 11. g4 g5 12. h4 h6 13. c4 a6 14. a4 Bc7 15. Ng3 Nc8 16. Rf2 Nd6 17. Bf1 Kd7 18. Rh2 Ba5 19. Qe2 Bb4 20. Bd2 Bxd2 21. Qxd2 Qa5 22. Qc1 Qd8 23. Be2 Qe7 24. Bd1 b6 25. Qd2 Rag8 26. hxg5 hxg5 27. b3 Qd8 28. Ra2 Rxh2 29. Qxh2 Rh8 30. Qg2 Nb4 31. Qf1 Kc7 32. Rh2 Rxh2 33. Nxh2 b5 34. axb5 axb5 35. Nf3 Qh8 36. Kg2 Kb6 37. Be2 Nc2 38. Qf2 Ne3+ 39. Kg1 Qa8 40. Nf1 Qa1 41. Qg3 bxc4 42. bxc4 Nxf1 43. Bxf1 Qd1 44. Qf2 Be8 45. Kg2 Ba4 46. Be2 Qc2 47. Qf1 Bc6 48. Qa1 Nxe4 49. dxe4 Qxe2+ 0-1


[Site "https://www.chess.com"]

[Event "Titled Tuesday Blitz April 12 Early 2022"]
[White "Brodowski, Piotr"]
[Black "Stanisz, Patryk"]
[WhiteFideId "1124480"]
[BlackFideId "1123106"]
[WhiteElo "2422"]
[BlackElo "1833"]
[Result "1-0"]
[Round "03"]
[TimeControl "180+1"]
[Date "2022.04.13"]
[WhiteClock "0:00:08"]
[BlackClock "0:00:03"]

1. e4 c5 2. Nf3 Nc6 3. Bb5 g6 4. Bxc6 dxc6 5. h3 Bg7 6. O-O Nf6 7. d3 Nd7 8. Nc3 e5 9. Be3 Qe7 10. Qd2 h6 11. a3 Nf8 12. b4 b6 13. bxc5 b5 14. a4 b4 15. Ne2 a5 16. d4 exd4 17. Bxd4 Ne6 18. Bxg7 Nxg7 19. Qe3 Ne6 20. Ned4 Qxc5 21. Nxe6 Qxe3 22. Ng7+ Kf8 23. fxe3 Kxg7 24. Ne5 Rf8 25. Rad1 Ba6 26. Rf2 Rae8 27. Nd7 Rh8 28. Nc5 Bc8 29. Rd6 Re7 30. Rxc6 Rhe8 31. Rd2 Be6 32. Kf2 h5 33. Kf3 g5 34. Nxe6+ Rxe6 35. Rxe6 Rxe6 36. Rd5 Kg6 37. Rxa5 Rc6 38. Rb5 Rxc2 39. Rxb4 Rc1 40. Rb6+ f6 41. e5 Kf5 42. exf6 g4+ 43. hxg4+ hxg4+ 44. Kg3 Re1 45. f7 Rxe3+ 46. Kf2 Re6 47. Rxe6 Kg5 48. f8=Q g3+ 49. Kf3 Kh4 50. Rh6+ Kg5 51. Qf6# 1-0


[Site "https://www.chess.com"]

[Event "Titled Tuesday Blitz April 12 Early 2022"]
[White "Buscar, Michael"]
[Black "Yang, Kaiqi"]
[WhiteFideId "2603616"]
[BlackFideId "8604398"]
[WhiteElo "2010"]
[BlackElo "2373"]
[Result "0-1"]
[Round "03"]
[TimeControl "180+1"]
[Date "2022.04.13"]
[WhiteClock "0:00:03"]
[BlackClock "0:00:06"]

1. Nf3 Nf6 2. g3 g6 3. Bg2 Bg7 4. O-O O-O 5. c4 d6 6. d3 e5 7. Nc3 Nc6 8. Rb1 a5 9. a3 h6 10. b4 axb4 11. axb4 Be6 12. b5 Ne7 13. Ne1 Qc8 14. Nc2 Bh3 15. Ne3 h5 16. Ncd5 Nfxd5 17. Nxd5 Nxd5 18. cxd5 h4 19. Rb4 Bxg2 20. Kxg2 h3+ 21. Kg1 Ra1 22. Qc2 Qd7 23. Bd2 Rxf1+ 24. Kxf1 Ra8 25. Qc1 Ra5 26. f3 Rxb5 27. Ra4 Rxd5 28. Ra7 Rc5 29. Qb1 Rb5 30. Qa1 Qc6 31. Kf2 e4 32. Ra8+ Kh7 33. Qa2 d5 34. dxe4 Rb2 35. Qa5 b6 0-1


[Site "https://www.chess.com"]

[Event "Titled Tuesday Blitz April 12 Early 2022"]
[White "Butti, Enrique"]
[Black "Yanayt, Eugene"]
[WhiteFideId "3700470"]
[BlackFideId "2020165"]
[WhiteElo "2080"]
[BlackElo "2046"]
[Result "1-0"]
[Round "03"]
[TimeControl "180+1"]
[Date "2022.04.13"]
[WhiteClock "0:00:09"]
[BlackClock "0:00:19"]

1. d4 Nf6 2. Nf3 g6 3. c4 Bg7 4. Nc3 O-O 5. Bg5 d6 6. e3 c5 7. Be2 Bf5 8. O-O Nc6 9. d5 Nb4 10. Nd2 Bc2 11. Qc1 Bd3 12. a3 Bxe2 13. Nxe2 Nd3 14. Qc2 Ne5 15. Nc3 h6 16. Bh4 g5 17. Bg3 Ng6 18. f4 Ng4 19. Nd1 gxf4 20. exf4 Bd4+ 21. Kh1 Ne3 22. Nxe3 Bxe3 23. Rae1 Bd4 24. Nf3 Bg7 25. f5 Ne5 26. Nxe5 dxe5 27. Qe2 f6 28. Qg4 b5 29. b3 bxc4 30. bxc4 Kh8 31. Bf2 Qe8 32. Re3 Rg8 33. Rh3 Bf8 34. Qh4 Kh7 35. Be3 Rg5 36. Bxg5 fxg5 37. Qxg5 Qf7 38. f6 exf6 39. Rxf6 Qg7 40. Qf5+ Kg8 41. Rg6 Be7 42. Rxg7+ Kxg7 43. Rg3+ Kh8 44. Qg6 Bf8 45. Qg8# 1-0


[Site "https://www.chess.com"]

[Event "Titled Tuesday Blitz April 12 Early 2022"]
[White "Bychkov, Vladimir"]
[Black "Seul, Georg"]
[WhiteFideId "24151513"]
[BlackFideId "4601653"]
[WhiteElo "2197"]
[BlackElo "2271"]
[Result "1-0"]
[Round "03"]
[TimeControl "180+1"]
[Date "2022.04.13"]
[WhiteClock "0:00:10"]
[BlackClock "0:00:22"]

1. Nf3 f5 2. d4 Nf6 3. h4 e6 4. h5 b6 5. h6 g6 6. Bg5 Be7 7. Nbd2 Bb7 8. c3 O-O 9. Qc2 c5 10. Bxf6 Bxf6 11. e4 cxd4 12. e5 d3 13. Bxd3 Be7 14. Nc4 Qc7 15. O-O-O b5 16. Nd6 Bxd6 17. exd6 Qxd6 18. Bxb5 Qf4+ 19. Kb1 Bxf3 20. gxf3 d5 21. Qe2 Kf7 22. Rhe1 Qd6 23. c4 a6 24. cxd5 e5 25. Qxe5 Qxe5 26. Rxe5 axb5 27. Rde1 Ra7 28. d6 Nc6 29. Rxb5 Rd8 30. Rb6 Nd4 31. f4 Rad7 32. a4 Rxd6 33. Rxd6 Rxd6 34. b4 Ne6 35. Kb2 Nxf4 36. Kb3 Ne6 37. a5 Ke7 38. b5 Kd7 39. a6 Kc7 40. a7 Kb7 41. Ra1 Nc7 42. Kc4 Na8 43. Kc5 Rd7 44. Ra6 Rc7+ 45. Kd5 Rc8 46. Ke6 Nb6 47. Kf6 Ra8 48. Kg7 g5 49. Kxh7 g4 50. Kg6 f4 51. Ra3 Rxa7 52. Rxa7+ Kxa7 53. h7 g3 54. fxg3 fxg3 55. h8=Q 1-0


[Site "https://www.chess.com"]

[Event "Titled Tuesday Blitz April 12 Early 2022"]
[White "Csonka, Balazs"]
[Black "Di Nicolantonio, Lucas"]
[WhiteFideId "742910"]
[BlackFideId "680460"]
[WhiteElo "2404"]
[BlackElo "2381"]
[Result "1/2-1/2"]
[Round "03"]
[TimeControl "180+1"]
[Date "2022.04.13"]
[WhiteClock "0:00:02"]
[BlackClock "0:00:09"]

1. d4 Nf6 2. c4 e6 3. g3 d5 4. Bg2 Be7 5. Nf3 O-O 6. O-O c6 7. Qc2 b6 8. Rd1 Ba6 9. b3 Nbd7 10. Nbd2 Rc8 11. e4 c5 12. exd5 exd5 13. Qf5 dxc4 14. Nxc4 Bb7 15. Bb2 Be4 16. Qf4 Qc7 17. Qxc7 Rxc7 18. Re1 Re8 19. Nh4 Bxg2 20. Kxg2 g6 21. Rad1 cxd4 22. Bxd4 Rcc8 23. Nf3 Bb4 24. Rxe8+ Rxe8 25. Nce5 Nxe5 26. Nxe5 Bc5 27. Bxc5 Rxe5 28. Rd8+ Re8 29. Rxe8+ Nxe8 30. Bd4 f6 31. Kf3 Kf7 32. a4 Ke6 33. Ke4 Nd6+ 34. Kd3 Nf5 35. Bc3 Nh6 36. f3 Nf7 37. Bd4 f5 38. a5 Ng5 39. axb6 axb6 40. f4 Nf3 41. Bxb6 Nxh2 42. b4 Kd5 43. b5 h6 44. Bd4 g5 45. b6 Kc6 46. Bg7 Ng4 47. fxg5 hxg5 48. Bd4 f4 49. gxf4 gxf4 50. Ke4 Nh6 51. Kxf4 Nf7 52. Kf5 Nd8 53. Kf6 Kb7 54. Ke7 Nc6+ 55. Kd6 Nxd4 56. Ke5 Nc6+ 57. Ke4 Kxb6 1/2-1/2


[Site "https://www.chess.com"]

[Event "Titled Tuesday Blitz April 12 Early 2022"]
[White "Czerw, Dawid"]
[Black "parintele_chess"]
[WhiteFideId "1145746"]
[WhiteElo "2125"]
[BlackElo "2253"]
[Result "1-0"]
[Round "03"]
[TimeControl "180+1"]
[Date "2022.04.13"]
[WhiteClock "0:00:40"]
[BlackClock "0:00:16"]

1. d4 d5 2. c4 e6 3. Nc3 a6 4. cxd5 exd5 5. Bf4 c6 6. e3 Bd6 7. Bxd6 Qxd6 8. Bd3 Nf6 9. Nge2 Bg4 10. f3 Bh5 11. Nf4 Bg6 12. Nxg6 hxg6 13. Qe2 Rxh2 14. Rxh2 Qxh2 15. O-O-O Nbd7 16. e4 Qf4+ 17. Kb1 O-O-O 18. Bxa6 bxa6 19. Qxa6+ Kc7 20. Rc1 Rb8 21. e5 Qf5+ 22. Ka1 Qf4 23. Rc2 Qxd4 24. exf6 Qg1+ 25. Nb1 Qb6 26. Qa3 gxf6 27. Qe7 Rf8 28. a3 c5 29. Nc3 Qd6 30. Nb5+ 1-0


[Site "https://www.chess.com"]

[Event "Titled Tuesday Blitz April 12 Early 2022"]
[White "Dang, Hoang Son"]
[Black "Calin, Alexandru"]
[WhiteFideId "12402435"]
[BlackFideId "1222961"]
[WhiteElo "2252"]
[BlackElo "2020"]
[Result "1-0"]
[Round "03"]
[TimeControl "180+1"]
[Date "2022.04.13"]
[WhiteClock "0:00:08"]
[BlackClock "0:00:11"]

1. d4 d6 2. Bf4 Nf6 3. Nd2 Nbd7 4. Ngf3 Nh5 5. Bg5 h6 6. Bh4 g5 7. Bg3 Nxg3 8. hxg3 Bg7 9. e4 e6 10. c3 b6 11. Bc4 Bb7 12. Qb3 Qe7 13. O-O-O O-O-O 14. Qa3 Kb8 15. e5 Rhe8 16. exd6 Qxd6 17. Qb3 Nf6 18. Ne5 a6 19. Nxf7 Qe7 20. Nxd8 Rxd8 21. f3 Nd5 22. Rhe1 Qd6 23. Ne4 Qd7 24. Kb1 Ka7 25. Ka1 Qf7 26. Nf2 h5 27. Nd3 b5 28. Nc5 Bc8 29. Bf1 Rd6 30. c4 bxc4 31. Bxc4 Rb6 32. Qa3 Nb4 33. Re2 Qg6 34. Qc3 Bf8 35. a3 Nd5 36. Qa5 h4 37. Rc1 hxg3 38. Bxd5 exd5 39. Re5 Qd6 40. Nd3 Bg7 41. Rxd5 Qe7 42. Nb4 Bb7 43. Rdc5 Bxd4 44. Rxc7 Qe6 45. Nc6+ Rxc6 46. R1xc6 Qe2 47. Rc2 Qd1+ 48. Ka2 Bb6 49. Qb4 Qd5+ 50. Qb3 Qd6 51. R7c4 Bd5 52. R2c3 Qe6 53. Qb4 a5 54. Qb5 Kb7 55. Ka1 Qd6 56. Rd3 Bxc4 57. Qxc4 Qc6 58. Qe4 Qxe4 59. fxe4 Bf2 60. Rd5 Kc6 61. Rxg5 a4 62. Ra5 Kd6 63. Rd5+ Ke6 64. Kb1 1-0


[Site "https://www.chess.com"]

[Event "Titled Tuesday Blitz April 12 Early 2022"]
[White "Decuigniere, Tom"]
[Black "Melikhov, Evgeny V."]
[WhiteFideId "26093820"]
[BlackFideId "4122046"]
[WhiteElo "1997"]
[BlackElo "1931"]
[Result "1-0"]
[Round "03"]
[TimeControl "180+1"]
[Date "2022.04.13"]
[WhiteClock "0:00:46"]
[BlackClock "0:00:26"]

1. d4 Nf6 2. c4 e6 3. Nc3 Bb4 4. f3 d5 5. a3 Bxc3+ 6. bxc3 c6 7. cxd5 cxd5 8. e3 O-O 9. Bd3 b6 10. Ne2 Ba6 11. O-O Bxd3 12. Qxd3 Nc6 13. c4 dxc4 14. Qxc4 Na5 15. Qd3 Qd5 16. Bd2 Qc4 17. Nf4 Qxd3 18. Nxd3 Nb3 19. Ra2 Nxd2 20. Rxd2 Rfc8 21. Kf2 Rc3 22. Ra1 Rac8 23. Ke2 Kf8 24. e4 Ke7 25. Rdd1 Rc2+ 26. Rd2 Rxd2+ 27. Kxd2 Rc4 28. Ke3 Rc2 29. Rc1 Rxc1 30. Nxc1 g5 31. g3 h5 32. Nd3 Nd7 33. h4 f6 34. hxg5 fxg5 35. f4 h4 36. fxg5 h3 37. Kf3 e5 38. d5 b5 39. g4 a5 40. Kg3 b4 41. axb4 a4 42. Kxh3 a3 43. Nc1 Nb6 44. b5 Nc4 45. Kh4 Nd2 46. b6 Kd6 47. g6 Nxe4 48. g7 Nf6 49. Kg5 Ng8 50. Kf5 Ne7+ 51. Ke4 Nxd5 52. b7 1-0


[Site "https://www.chess.com"]

[Event "Titled Tuesday Blitz April 12 Early 2022"]
[White "Delorme, Alban"]
[Black "Padmini, Rout"]
[WhiteFideId "623636"]
[BlackFideId "5029295"]
[WhiteElo "2197"]
[BlackElo "2181"]
[Result "1-0"]
[Round "03"]
[TimeControl "180+1"]
[Date "2022.04.13"]
[WhiteClock "0:00:06"]
[BlackClock "0:00:02"]

1. e4 e5 2. Nf3 Nc6 3. Bc4 Nf6 4. d4 exd4 5. e5 d5 6. Bb5 Ne4 7. Nxd4 Bd7 8. Bxc6 bxc6 9. O-O f5 10. e6 Bc8 11. Nxc6 Qd6 12. Nd4 c5 13. Nb5 Qb6 14. Qxd5 Rb8 15. Qxf5 Nf6 16. N1c3 Bxe6 17. Qe5 Kf7 18. Qc7+ Qxc7 19. Nxc7 Bc4 20. Rd1 Be7 21. b3 Rhc8 22. N7d5 Nxd5 23. Nxd5 Bxd5 24. Rxd5 c4 25. Bf4 Rb7 26. Rad1 cxb3 27. cxb3 h6 28. g3 Rc6 29. Rd7 Rxd7 30. Rxd7 Ra6 31. Kg2 Ke6 32. Rd2 g5 33. Be3 Bf6 34. Kf3 Ra5 35. g4 a6 36. Re2 Kf7 37. a4 Rd5 38. Ke4 Rd1 39. Rd2 Rb1 40. Rd3 Ke6 41. Bd4 Be7 42. Re3 Bd6 43. Kd3+ Kd5 44. Kc2 Rg1 45. Rd3 Rxg4 46. Be3+ Ke6 47. Kc3 Rh4 48. Rd4 Rxh2 49. Re4+ Kd5 50. Re8 Be5+ 51. Kc2 Rh4 52. Kd3 Rh1 53. Ra8 g4 54. Rxa6 h5 55. Ra5+ Ke6 56. Ra6+ Kd5 57. Rh6 h4 58. Ke2 h3 59. Rh5 Ke4 60. Bd2 h2 61. Rh4 Rg1 62. f3+ Kd5 63. fxg4 h1=Q 64. Rxh1 Rxh1 65. Kf3 Rh2 66. Bf4 Bxf4 67. Kxf4 Rb2 68. Kf5 Rxb3 69. g5 Rf3+ 70. Kg6 Ke6 71. a5 Ra3 72. Kh7 Rxa5 73. g6 Rh5+ 74. Kg8 Kf6 75. g7 1-0


[Site "https://www.chess.com"]

[Event "Titled Tuesday Blitz April 12 Early 2022"]
[White "Demchenko, Anton"]
[Black "Lorparizangeneh, Shahin"]
[WhiteFideId "4160258"]
[BlackFideId "12521604"]
[WhiteElo "2539"]
[BlackElo "2525"]
[Result "0-1"]
[Round "03"]
[TimeControl "180+1"]
[Date "2022.04.12"]
[WhiteClock "0:00:05"]
[BlackClock "0:00:23"]

1. e4 c5 2. Nf3 d6 3. d4 cxd4 4. Qxd4 Nc6 5. Bb5 Bd7 6. Bxc6 Bxc6 7. Nc3 Nf6 8. Bg5 e6 9. O-O-O Be7 10. Qd3 Qa5 11. Kb1 h6 12. Bd2 Qa6 13. Qxa6 bxa6 14. Rhe1 O-O 15. Nd4 Bb7 16. f3 Rfc8 17. Nb3 Rab8 18. Be3 Ra8 19. Na5 Rc7 20. Bf4 Rd8 21. e5 dxe5 22. Bxe5 Rcd7 23. Nxb7 Rxb7 24. Rxd8+ Bxd8 25. Rd1 Ba5 26. Bxf6 gxf6 27. Ne4 Kg7 28. c4 f5 29. Nd6 Rb8 30. Kc2 Kf6 31. c5 Bb4 32. c6 Rb6 33. c7 Rc6+ 34. Kb3 Bxd6 35. Rxd6 Rxc7 36. Rxa6 Ke5 37. g3 Kd4 38. f4 Ke3 39. a4 Kf3 40. Rd6 Re7 41. Kc3 f6 42. Rd3+ Kg2 43. Rd2+ Kh3 44. Rf2 Kg4 45. b4 e5 46. b5 e4 47. a5 e3 48. Rf1 e2 49. Re1 Kf3 50. Kd4 Kf2 51. Ra1 e1=Q 52. Rxe1 Rxe1 53. Kc5 Kg2 54. b6 axb6+ 55. axb6 Rb1 56. Kc6 Kxh2 57. b7 Kxg3 58. Kc7 Rxb7+ 0-1


[Site "https://www.chess.com"]

[Event "Titled Tuesday Blitz April 12 Early 2022"]
[White "Demin, Vladimir"]
[Black "Blokhin, Sofia"]
[WhiteFideId "4167457"]
[BlackFideId "4508190"]
[WhiteElo "2380"]
[BlackElo "1764"]
[Result "1-0"]
[Round "03"]
[TimeControl "180+1"]
[Date "2022.04.13"]
[WhiteClock "0:00:35"]
[BlackClock "0:00:43"]

1. d4 f5 2. g3 e6 3. Bg2 Nf6 4. c4 Be7 5. Nc3 O-O 6. Nf3 d5 7. O-O b6 8. Ne5 Bb7 9. Bf4 Ne4 10. Qb3 c6 11. Rad1 Nd7 12. h4 Qe8 13. Bh3 h6 14. Nxe4 dxe4 15. Nxd7 Qxd7 16. c5 g5 17. hxg5 hxg5 18. Be5 g4 19. Bg2 b5 20. Qe3 Bf6 21. Bd6 Rf7 22. f3 gxf3 23. exf3 exf3 24. Bxf3 Rg7 25. Kf2 Re8 26. Rh1 Qf7 27. Bh5 Qd7 28. Qh6 Rd8 29. Qxf6 1-0


[Site "https://www.chess.com"]

[Event "Titled Tuesday Blitz April 12 Early 2022"]
[White "Devaev, Alexander"]
[Black "Petrova, Irina"]
[WhiteFideId "4169395"]
[BlackFideId "14124122"]
[WhiteElo "2185"]
[BlackElo "1993"]
[Result "1-0"]
[Round "03"]
[TimeControl "180+1"]
[Date "2022.04.13"]
[WhiteClock "0:01:16"]
[BlackClock "0:01:19"]

1. Nf3 d6 2. d4 g6 3. c4 Bg7 4. Nc3 Nc6 5. h3 Nf6 6. e4 O-O 7. Bg5 h6 8. Be3 e5 9. d5 Ne7 10. g4 Nd7 11. Rg1 a5 12. h4 Nc5 13. h5 g5 14. Nd2 c6 15. f3 b5 16. Bxc5 dxc5 17. d6 Qxd6 18. cxb5 Be6 19. Nc4 Bxc4 20. Qxd6 1-0


[Site "https://www.chess.com"]